 Dungeon Crawl Stone Soup version 0.31-a0-237-g2d982f9f85 (webtiles) character file.

Game seed: 9799057527132790358

19 Ijustatesigmund the Stinger (level 2, 0/18 HPs)
             Began as an Octopode Venom Mage on July 11, 2023.
             Slain by a jackal (1 damage)
             ... on level 1 of the Dungeon.
             The game lasted 00:01:23 (228 turns).

Ijustatesigmund the Stinger (Octopode Venom Mage)    Turns: 228, Time: 00:01:24

Health: 0/18       AC:  1    Str:  7    XL:     2   Next: 75%
Magic:  0/5        EV: 13    Int: 17    God:
Gold:   17         SH:  0    Dex: 12    Spells: 2/5 levels left

rFire   . . .        (no weapon)
rCold   . . .        (no shield)
rNeg    . . .        (helmet restricted)
rPois   .            (no amulet)
rElec   .            (no ring)
rCorr   .            (no ring)
SInv    .            (no ring)
Will    .....        (no ring)
Stlth   +++          (no ring)
HPRegen 0.23/turn    (no ring)
MPRegen 0.09/turn    (no ring)
                     (no ring)

%: no passive effects
@: no status effects
A: almost no armour, amphibious, 8 rings, camouflage 1, gelatinous body 1,
(nimble swimmer 1), tentacles
a: no special abilities


You were on level 1 of the Dungeon.
You visited 1 branch of the dungeon, and saw 1 of its levels.

You collected 17 gold pieces.

Inventory:

Scrolls
 b - a scroll of identify {unknown}
Potions
 a - a potion of magic


   Skills:
 + Level 1.2 Fighting
 - Level 2.0 Dodging
 - Level 2.6 Stealth
 + Level 2.3 Spellcasting
 - Level 1.0 Transmutations
 + Level 4.0 Poison Magic


You had 2 spell levels left.
You knew the following spells:

 Your Spells              Type           Power      Damage    Failure   Level
a - Sting                 Tmut/Pois      40%        1d5       7%          1
b - Poisonous Vapours     Pois/Air       16%        N/A       12%         2

Your spell library contained the following spells:

 Spells                   Type           Power      Damage    Failure   Level
 Wereblood                Tmut           5%         N/A       19%         2
 Sublimation of Blood     Necr           1%         N/A       28%         2
 Mephitic Cloud           Conj/Pois/Air  6%         N/A       32%         3
 Olgreb's Toxic Radiance  Pois           15%        N/A       34%         4
 Summon Hydra             Summ           0%         N/A       100%        7


Dungeon Overview and Level Annotations

Branches:
Dungeon (1/15)

Altars:


Innate Abilities, Weirdness & Mutations

You cannot wear most types of armour.
You are amphibious.
You can wear up to eight rings at the same time.
Your skin changes colour to match your surroundings (Stealth+).
Your rubbery body absorbs attacks. (AC +1, EV +1)
((You are camouflaged when in or above water. (Stealth+)))
You have tentacles for arms and can constrict up to eight enemies at once.


Message History

Aim: a ball python (68% to hit)
The sting misses the ball python.
The bat barely misses you. The bat closely misses you. The jackal bites you.
You closely miss the ball python. You grab the ball python.
You squeeze the ball python.
You kill the ball python!
The bat misses you. The jackal bites you. The jackal misses you.
The jackal bites you.
* * * LOW HITPOINT WARNING * * *
A kobold comes into view. It is wielding a +0 dagger.
The bat barely misses you.
You see here a ball python corpse.
Okay, then.
The kobold shouts!
You tentacle-slap the bat. Your grab misses the bat.
The bat is heavily wounded.
The bat misses you. The bat hits you but does no damage.
The jackal completely misses you.
You tentacle-slap the bat. Your grab misses the bat.
The bat is severely wounded.
The bat misses you. The jackal closely misses you. The bat hits you.
* * * LOW HITPOINT WARNING * * *
The jackal bites you but does no damage.
You tentacle-slap the bat but do no damage.
You grab the bat. You squeeze the bat.
You kill the bat!
The jackal misses you.
You tentacle-slap the jackal. Your grab misses the jackal.
The jackal is heavily wounded.
The jackal closely misses you. The jackal misses you.
You closely miss the kobold. Your grab misses the kobold.
Your squeeze misses the kobold. The jackal closely misses you.
The kobold hits you with a +0 dagger.
* * * LOW HITPOINT WARNING * * *
You barely miss the kobold. Your grab misses the kobold.
The jackal barely misses you. The kobold misses you.
You miss the kobold. Your grab misses the kobold.
Your squeeze misses the kobold. The jackal barely misses you.
The jackal bites you.
You die...

#...#.###.#
#.. .
#.......).#
### #
#.........#
###
#.........#
#.#
#...#.###.#
#### ##'#
#...#.# #.##
...# +...
#.. #.#
#..#####...#
#.<. #.. #.#
##.....h...#
+... ## #.#
#.....†@...#
##+# ...
#.######K.##
.. #. .....
#. .....# #.
.#..## #.
.#.... .#
#... .# .##


You could see a jackal and a kobold.

Vanquished Creatures
  A goblin (D:1)
  2 hobgoblins (D:1)
  7 jackals (D:1)
  2 ball pythons (D:1)
  2 bats (D:1)
  2 frilled lizards (D:1)
16 creatures vanquished.

Notes
Turn   | Place    | Note
-------+----------+-------------------------------------------
     0 | D:1      | Ijustatesigmund the Octopode Venom Mage began the quest for
                  | the Orb.
     0 | D:1      | Reached XP level 1. HP: 11/11 MP: 3/3
    66 | D:1      | Reached XP level 2. HP: 16/18 MP: 5/5
    69 | D:1      | Learned a level 2 spell: Poisonous Vapours
   202 | D:1      | Reached skill level 1 in Fighting
   205 | D:1      | Reached skill level 4 in Poison Magic
   228 | D:1      | Slain by a jackal

Illustrated notes

Levels and vault maps discovered:
D:1:      dpeg_arrival_radiant, layout_basic

Skill      XL: |  1  2 |
---------------+-------+-----
Fighting       | 1 |  1.2
Poison Magic   | 4 |  4.0
Dodging        | |  2.0
Stealth        | |  2.6
Spellcasting   | |  2.3
Transmutations | |  1.0

Action                     || total
---------------------------++-------
  Melee: Unarmed           ||    41
         Tentacles         ||    10
         Constrict         ||    10
   Cast: Sting             ||     5
         Poisonous Vapours ||     3
   Stab: Sleeping          ||     1
 Armour: Skin              ||     7
  Dodge: Dodged            ||    43

Table legend: (Time is in decaauts)
 A = Elapsed time spent in this place.
 B = Non-inter-level travel time spent in this place.
 C = Inter-level travel time spent in this place.
 D = Time resting spent in this place.
 E = Time spent auto-exploring this place.
 F = Levels seen in this place.
 G = Mean time per level.
                   A        B        C        D        E       F      G
               +--------+--------+--------+--------+--------+-----+--------+
         Total |    228 |    228 |      0 |     20 |    116 |   1 |  228.0 |
       Dungeon |    228 |    228 |      0 |     20 |    116 |   1 |  228.0 |
               +--------+--------+--------+--------+--------+-----+--------+

Top non-repeatable levels by time:
     D:1: 228 daAuts
